 Dungeon Crawl Stone Soup version 0.19.1 (webtiles) character file.

104 esteth the Skirmisher (level 5, -1/63 HPs)
             Began as a Formicid Abyssal Knight on Dec 20, 2016.
             Was a Follower of Lugonu.
             Slain by a gnoll
             ... wielding a +0 spear
              (2 damage)
             ... on level 3 of the Dungeon.
             The game lasted 00:06:09 (2132 turns).

esteth the Skirmisher (Formicid Abyssal Knight)     Turns: 2132, Time: 00:06:10

Health: -1/63      AC: 22    Str: 17    XL:     5   Next: 7%
Magic:  6/6        EV:  2    Int: 17    God:    Lugonu [*.....]
Gold:   183        SH:  3    Dex: 10    Spells: 0 memorised, 4 levels left

rFire  . . .     SeeInvis .     o - +0 trident
rCold  . . .     Gourm    .     (armour currently unavailable)
rNeg   + + +     Faith    .     (no shield)
rPois  +         Spirit   .     (helmet unavailable)
rElec  .         Reflect  +     (cloak currently unavailable)
rCorr  .         Harm     .     (gloves currently unavailable)
MR     .....                    (boots currently unavailable)
Stlth  +.........               k - +3 amulet of reflection
                                (no ring)
                                (no ring)

@: brilliant, lethally poisoned (-1 -> -1), tree-form
A: permanent stasis, dig shafts and tunnels, four strong arms, (antennae 0)
a: Depart the Abyss, Renounce Religion


You were on level 3 of the Dungeon.
You worshipped Lugonu.
Lugonu was aware of your devotion.
You were not hungry.
You were a tree.
You visited 1 branch of the dungeon, and saw 4 of its levels.
You visited the Abyss 1 time.

You collected 183 gold pieces.

Inventory:

Hand Weapons
 a - a +1 spear
 o - a +0 trident (weapon)
Armour
 b - a +0 leather armour
 j - a +2 chain mail (melded)
Jewellery
 d - an uncursed ring of ice
 k - a +3 amulet of reflection (around neck)
 s - an uncursed amulet of magic regeneration {unknown}
Scrolls
 e - a scroll of magic mapping
 h - a scroll of teleportation
 l - a scroll of recharging
Potions
 f - 2 potions of agility
Comestibles
 c - 2 bread rations
 m - a chunk of flesh
 n - 2 meat rations
 r - a beef jerky


   Skills:
 + Level 3.8 Fighting
 * Level 3.2 Polearms
 + Level 3.2 Armour
 + Level 1.8 Dodging
 - Level 2.2 Invocations


You had 4 spell levels left.
You didn't know any spells.

Dungeon Overview and Level Annotations

Branches:
Dungeon (4/15)
 Temple: D:4-7

Altars:


Innate Abilities, Weirdness & Mutations

You are under a permanent stasis effect.
You can dig through walls and to a lower floor.
Your four strong arms can wield two-handed weapons with a shield.
((You have a pair of large antennae on your head. (SInv)))


Message History

The gnoll is heavily wounded.
The gnoll hits you with a spear.
* * * LOW HITPOINT WARNING * * *
You hit the gnoll but do no damage.
The gnoll is heavily wounded.
The gnoll barely misses you.
You closely miss the gnoll.
The gnoll is heavily wounded.
You feel sick. The gnoll hits you with a spear.
* * * LOW HITPOINT WARNING * * *
The gnoll hits you but does no damage.
It was a potion of lignification.
You turn into a tree.
Your +2 chain mail melds into your body.
Your roots penetrate the ground.
The gnoll hits you but does no damage.
Unknown command.
Unknown command.
It was a potion of brilliance.
You feel clever all of a sudden. The gnoll hits you with a spear.
You die...

#. ....# . .#...... .. ......####
### ... .. #.....##.## #.# l...
.#.###..#.. ##♣######.# .....
....#...#.# ##g......###{.....
........#...####..#####.#.{......
........#........###{...!{.#.####
...........#.##### #....S....#
.......#......### #.......###
.......##.##....####.......#
.......##.##..#...÷#.......#
.......##.##..#....)..........


You could see a gnoll.

Vanquished Creatures
  4 adders
  A gnoll (D:3)
  An ooze (D:2)
  3 worms
  2 leopard geckos
  An orc (D:3)
  3 giant cockroaches (D:1)
  2 goblins
  5 hobgoblins
  3 jackals (D:3)
  2 quokkas (D:2)
  7 bats
  A frilled lizard (D:2)
  5 kobolds
  2 rats
42 creatures vanquished.

Notes
Turn   | Place    | Note
-------+----------+-------------------------------------------
     0 | Abyss:1  | esteth the Formicid Abyssal Knight began the quest for the Orb.
     0 | Abyss:1  | Reached XP level 1. HP: 18/18 MP: 2/2
    57 | Abyss:1  | Noticed a large abomination
    58 | D:1      | Escaped the Abyss
   117 | D:1      | Reached skill level 1 in Dodging
   147 | D:1      | Reached XP level 2. HP: 24/24 MP: 3/3
   363 | D:1      | Reached * piety under Lugonu
   514 | D:2      | HP: 1/24 [worm (7)]
   892 | D:2      | Reached XP level 3. HP: 21/29 MP: 4/4
  1309 | D:2      | Reached XP level 4. HP: 27/37 MP: 5/5
  2123 | D:3      | Reached XP level 5. HP: 12/42 MP: 6/6
  2130 | D:3      | HP: 1/42 [gnoll/spear (5)]
  2132 | D:3      | Slain by a gnoll

Skill      XL: |  1  2  3  4 |
---------------+-------------+-----
Dodging        | 1 |  1.8
Armour         | 3 |  3.2
Polearms       | 3 |  3.2
Fighting       | |  3.8
Invocations    | |  2.2

Action                   |  1- 3 |  4- 6 || total
-------------------------+-------+-------++-------
Melee: Spear             |    96 |    23 ||   119
       Trident           |       |    93 ||    93
Invok: Depart the Abyss  |     1 |       ||     1
 Abil: Dig               |       |     4 ||     4
  Use: Scroll            |       |     9 ||     9
       Potion            |       |     2 ||     2
  Eat: Chunk             |     1 |     3 ||     4
Armor: Leather armour    |    20 |     2 ||    22
       Chain mail        |       |    95 ||    95
       Skin              |       |     1 ||     1
Dodge: Dodged            |    29 |    45 ||    74
Block: Other             |    10 |    17 ||    27
